Tamiflu vs Wolves
Created - 28 novembre 2013 at 18:59
Goals
|
| Tamiflu |
2 |
2 |
1 |
5 |
| Wolves |
3 |
0 |
0 |
3 |
|
Shots
|
| Tamiflu |
18 |
5 |
10 |
33 |
| Wolves |
15 |
14 |
5 |
34 |
|
1st period
1. Tamiflu , Nate Thompson 8 (Alex Picard, Mike Brown) at 11:40
2. Wolves , Alexander Perezhogin 9 (Rich Peverley, Cody McLeod) at 11:48
3. Tamiflu , Nate Thompson 9 (Alex Picard, Jonathan Sigalet) at 12:00
4. Wolves , Milan Bartovic 4 (Dan Fritsche, Nate Guenin) at 16:54
5. Wolves , Dan Fritsche 5 (Milan Bartovic) at 17:47
Penalties :
Cody McLeod (Min) for Tripping (Minor) at 2:50, Chris Terry (Min) for High sticking (Minor) at 8:30
2nd period
6. Tamiflu , Jani Rita 8 (Jonathan Sigalet, Nathan Oystrick) at 3:20
7. Tamiflu , Greg Mauldin 4 (Jonathan Sigalet) at 13:27
Penalties :
Nathan Oystrick (Det) for Roughing (Minor) at 5:48, Mark Katic (Min) for Cross-checking (Minor) at 8:13, Geoff Paukovich (Min) for Hooking (Minor) at 18:17
3rd period
8. Tamiflu , Adam Henrique 7 (David Clarkson) at 13:06
Penalties :
Jonathan Sigalet (Det) for Interference (Minor) at 13:07
Goalie Stats
Thomas Greiss (Det), 31 saves from 34 shots - (0,912), W, 4-2-0, 60:00 minutes
Jamie Storr (Min), 28 saves from 33 shots - (0,848), L, 7-8-0, 60:00 minutes
Players Stats for Tamiflu
Player Name G A P +/- PIM S H SB GA TA FO MP PP MP PK MP
------------------------------------------------------------------------------------
Adam Henrique 1 0 1 -1 0 6 0 0 0 0 4/8 12:04 0:01 0:00
Alex Picard 0 2 2 1 0 4 1 1 0 1 0/0 21:55 4:19 1:59
Carson Mcmillan 0 0 0 1 0 1 0 2 0 0 1/1 12:21 0:00 0:00
Cody Goloubef 0 0 0 1 0 1 0 0 1 0 0/0 11:20 0:00 0:33
David Clarkson 0 1 1 -1 0 2 3 0 0 0 0/0 15:42 3:37 0:55
Greg Mauldin 1 0 1 1 0 1 0 0 0 0 1/1 9:34 0:00 1:04
Jan Mursak 0 0 0 1 0 0 0 0 0 0 1/1 7:45 0:00 0:00
Jani Rita 1 0 1 1 0 3 2 1 0 1 0/0 17:37 3:37 1:04
Johan Fransson 0 0 0 0 0 1 0 2 0 0 0/0 21:25 3:22 1:25
Jonathan Sigalet 0 3 3 1 2 2 3 3 0 1 0/0 27:29 4:34 1:15
Jordan Hendry 0 0 0 0 0 2 1 2 1 0 0/0 21:19 3:22 1:25
Kyle Lawson 0 0 0 1 0 0 0 1 0 0 0/0 12:20 0:00 2:03
Mike Brown 0 1 1 1 0 4 2 0 1 0 3/3 19:59 4:18 0:00
Nate Thompson 2 0 2 1 0 4 1 0 0 1 14/34 20:47 4:18 0:55
Nathan Oystrick 0 1 1 1 2 0 1 1 1 2 0/0 26:50 4:34 1:15
Nick Spaling 0 0 0 -1 0 0 1 0 0 2 0/0 10:43 0:00 0:00
Petr Pohl 0 0 0 1 0 2 4 0 1 0 0/0 8:51 0:01 0:00
Radek Bonk 0 0 0 1 0 0 2 0 0 0 8/13 17:59 3:37 1:59
Players Stats for Wolves
Player Name G A P +/- PIM S H SB GA TA FO MP PP MP PK MP
------------------------------------------------------------------------------------
Alexander Perezhogin 1 0 1 0 0 7 1 1 2 0 1/1 18:56 2:04 0:00
Bruno Gervais 0 0 0 1 0 2 1 0 0 0 0/0 24:08 2:34 0:00
Chris Neil 0 0 0 -2 0 2 4 0 1 0 0/2 18:00 1:49 4:07
Chris Terry 0 0 0 1 2 0 1 0 0 0 1/1 9:28 0:00 0:00
Cody McLeod 0 1 1 0 2 1 1 1 2 0 0/1 19:25 2:04 0:41
Dan Fritsche 1 1 2 1 0 3 1 0 0 1 5/9 14:40 0:00 4:07
Geoff Paukovich 0 0 0 -2 2 0 0 2 0 0 0/2 14:08 1:49 0:17
Marc Methot 0 0 0 -1 0 1 1 0 0 0 0/0 16:58 1:24 4:09
Marc-André Gragnani 0 0 0 -1 0 1 2 0 0 0 0/0 18:47 1:24 3:47
Mark Katic 0 0 0 -2 2 0 0 1 0 0 0/0 15:36 0:00 0:00
Matt Gilroy 0 0 0 -2 0 1 1 2 1 0 0/0 21:53 2:34 3:47
Mike Sislo 0 0 0 -1 0 0 0 0 0 0 0/0 8:26 0:00 0:00
Mike Zigomanis 0 0 0 -2 0 6 0 1 1 0 9/18 13:48 1:49 0:00
Milan Bartovic 1 1 2 1 0 2 0 0 0 0 0/0 14:22 0:05 2:51
Nate Guenin 0 1 1 1 0 1 3 0 0 0 0/0 23:45 0:00 4:09
Nathan Davis 0 0 0 -1 0 2 0 0 0 0 0/2 8:32 0:05 0:00
Rich Peverley 0 1 1 0 0 5 2 0 1 3 12/24 21:38 2:04 2:51
Tim Crowder 0 0 0 -1 0 0 3 0 0 1 1/1 9:30 0:05 0:58
3 Stars
1 - Nate Thompson (Det)
2 - Jonathan Sigalet (Det)
3 - Dan Fritsche (Min)
Power Play
Tamiflu - 0 on 4 Attempt(s) - 0,00%
Wolves - 0 on 2 Attempt(s) - 0,00%
Penalty Kill
Tamiflu - 2 on 2 Attempt(s) - 100,00%
- Score 0 goal in Penalty Kill
Wolves - 4 on 4 Attempt(s) - 100,00%
- Score 0 goal in Penalty Kill
Official
Referees : LaRue Dennis and Walsh Ian
Linesman : Derek Nansen and Michel Cormier
Game Notes
No Game Note
Finance
Level 1 -- Attendance: 1575 (78,75%) -- Ticket Income 55 125 $
Level 2 -- Attendance: 699 (69,90%) -- Ticket Income 10 485 $
Total Attendance: 2274 (75,80%)
Total Ticket Income: 65 610 $
Other Income: 3 280 $
Total Income: 68 890 $
Tamiflu
5 vs 5 Forward
Center Left Wing Right Wing Time % Phy DF OF
1 Nate Thompson Alex Picard Mike Brown 40 1 2 2
2 Radek Bonk Jani Rita Carson Mcmillan 30 1 2 2
3 Adam Henrique Nick Spaling David Clarkson 25 1 2 2
4 Greg Mauldin Jan Mursak Petr Pohl 5 1 2 2
5 vs 5 Defense
Defense Defense Time % Phy DF OF
1 Jonathan Sigalet Nathan Oystrick 40 1 2 2
2 Johan Fransson Jordan Hendry 30 1 2 2
3 Kyle Lawson Cody Goloubef 20 1 2 2
4 Jonathan Sigalet Nathan Oystrick 10 1 2 2
PowerPlay Forward
Center Left Wing Right Wing Time % Phy DF OF
1 Nate Thompson Alex Picard Mike Brown 60 0 1 4
2 Radek Bonk Jani Rita David Clarkson 40 0 1 4
PowerPlay Defense
Defense Defense Time % Phy DF OF
1 Jonathan Sigalet Nathan Oystrick 70 0 2 3
2 Johan Fransson Jordan Hendry 30 0 2 3
Penalty Kill 4 Players Forward
Center Wing Time % Phy DF OF
1 Radek Bonk Alex Picard 60 1 4 0
2 Nate Thompson David Clarkson 40 1 4 0
Penalty Kill 4 Players Defense
Defense Defense Time % Phy DF OF
1 Jonathan Sigalet Nathan Oystrick 60 1 4 0
2 Johan Fransson Jordan Hendry 40 1 4 0
Penalty Kill - 3 Players Forward
Forward Time % Phy DF OF
1 Radek Bonk 60 1 4 0
2 Nate Thompson 40 1 4 0
Penalty Kill - 3 Players Defense
Defense Defense Time % Phy DF OF
1 Jonathan Sigalet Nathan Oystrick 60 1 4 0
2 Johan Fransson Jordan Hendry 40 1 4 0
4 vs 4 Forward
Center Wing Time % Phy DF OF
1 Nate Thompson Alex Picard 60 1 2 2
2 Radek Bonk Mike Brown 40 1 2 2
4 vs 4 Defense
Defense Defense Time % Phy DF OF
1 Jonathan Sigalet Nathan Oystrick 60 1 2 2
2 Johan Fransson Jordan Hendry 40 1 2 2
Last Minutes Offensive
Center Left Wing Right Wing Defense Defense
Nate Thompson Alex Picard Mike Brown Jonathan Sigalet Nathan Oystrick
Last Minutes Defensive
Center Left Wing Right Wing Defense Defense
Radek Bonk Alex Picard David Clarkson Jonathan Sigalet Nathan Oystrick
Goaltenders
Starting : Thomas Greiss
Backup : Mike McKenna
Extra Forwards
Normal : Adam Henrique, Petr Pohl, Radek Bonk - PP : Adam Henrique, Petr Pohl - PK : Greg Mauldin
Extra Defensemen
Normal : Kyle Lawson, Cody Goloubef, Jordan Hendry - PP : Kyle Lawson - PK : Kyle Lawson, Cody Goloubef
Penalty Shots
Radek Bonk, Jani Rita, Jonathan Sigalet, Carson Mcmillan, David Clarkson
Wolves
5 vs 5 Forward
Center Left Wing Right Wing Time % Phy DF OF
1 Rich Peverley Cody McLeod Alexander Perezhogin 40 1 0 4
2 Mike Zigomanis Geoff Paukovich Chris Neil 30 0 1 4
3 Dan Fritsche Chris Terry Milan Bartovic 20 1 1 3
4 Nathan Davis Mike Sislo Tim Crowder 10 2 2 1
5 vs 5 Defense
Defense Defense Time % Phy DF OF
1 Bruno Gervais Nate Guenin 40 1 3 1
2 Mark Katic Matt Gilroy 30 1 3 1
3 Marc Methot Marc-André Gragnani 20 1 3 1
4 Marc-André Gragnani Bruno Gervais 10 1 3 1
PowerPlay Forward
Center Left Wing Right Wing Time % Phy DF OF
1 Rich Peverley Cody McLeod Alexander Perezhogin 60 0 0 5
2 Mike Zigomanis Geoff Paukovich Chris Neil 40 0 0 5
PowerPlay Defense
Defense Defense Time % Phy DF OF
1 Bruno Gervais Matt Gilroy 60 0 2 3
2 Marc Methot Marc-André Gragnani 40 0 2 3
Penalty Kill 4 Players Forward
Center Wing Time % Phy DF OF
1 Dan Fritsche Chris Neil 60 1 3 1
2 Rich Peverley Milan Bartovic 40 1 3 1
Penalty Kill 4 Players Defense
Defense Defense Time % Phy DF OF
1 Marc Methot Nate Guenin 60 2 3 0
2 Marc-André Gragnani Matt Gilroy 40 2 3 0
Penalty Kill - 3 Players Forward
Forward Time % Phy DF OF
1 Dan Fritsche 60 1 4 0
2 Milan Bartovic 40 1 3 0
Penalty Kill - 3 Players Defense
Defense Defense Time % Phy DF OF
1 Marc Methot Nate Guenin 60 2 3 0
2 Bruno Gervais Matt Gilroy 40 2 3 0
4 vs 4 Forward
Center Wing Time % Phy DF OF
1 Rich Peverley Alexander Perezhogin 60 1 1 3
2 Mike Zigomanis Chris Neil 40 1 1 3
4 vs 4 Defense
Defense Defense Time % Phy DF OF
1 Bruno Gervais Nate Guenin 60 1 3 1
2 Marc Methot Matt Gilroy 40 1 3 1
Last Minutes Offensive
Center Left Wing Right Wing Defense Defense
Rich Peverley Cody McLeod Alexander Perezhogin Bruno Gervais Nate Guenin
Last Minutes Defensive
Center Left Wing Right Wing Defense Defense
Mike Zigomanis Chris Neil Milan Bartovic Marc Methot Matt Gilroy
Goaltenders
Starting : Jamie Storr
Backup : Loïc Lacasse
Extra Forwards
Normal : Milan Bartovic, Nathan Davis, Tim Crowder - PP : Milan Bartovic, Nathan Davis - PK : Tim Crowder
Extra Defensemen
Normal : Bruno Gervais, Matt Gilroy, Marc Methot - PP : Bruno Gervais - PK : Nate Guenin, Matt Gilroy
Penalty Shots
Chris Neil, Alexander Perezhogin, Rich Peverley, Mike Zigomanis, Milan Bartovic
% Time on Ice - Tamiflu
Lines # - Real PCT - Wanted PCT - Time Play
Normal Forward
1 - 35% - 40% - 16:45
2 - 27% - 30% - 13:01
3 - 22% - 25% - 10:43
4 - 16% - 5% - 7:37
Normal Defense
1 - 41% - 40% - 19:32
2 - 33% - 30% - 16:06
3 - 22% - 20% - 10:21
4 - 4% - 10% - 2:07
PP Forward
1 - 54% - 60% - 4:19
2 - 46% - 40% - 3:37
PP Defense
1 - 58% - 70% - 4:34
2 - 42% - 30% - 3:22
PK Forward
1 - 77% - 60% - 3:03
2 - 23% - 40% - 0:55
PK Defense
1 - 68% - 60% - 2:42
2 - 32% - 40% - 1:16
PK3 Forward
1 - 0% - 60%
2 - 0% - 40%
PK3 Defense
1 - 0% - 60%
2 - 0% - 40%
44 Forward
1 - 0% - 60%
2 - 0% - 40%
44 Defense
1 - 0% - 60%
2 - 0% - 40%
Last Minute Offensive - 0:00
Last Minute Defensive - 0:00
Total
Forward - 60:00
Defense - 60:00
|
% Time on Ice - Wolves
Lines # - Real PCT - Wanted PCT - Time Play
Normal Forward
1 - 34% - 40% - 16:27
2 - 31% - 30% - 14:48
3 - 20% - 20% - 9:25
4 - 15% - 10% - 7:26
Normal Defense
1 - 41% - 40% - 19:57
2 - 32% - 30% - 15:30
3 - 22% - 20% - 10:42
4 - 4% - 10% - 1:57
PP Forward
1 - 54% - 60% - 2:09
2 - 46% - 40% - 1:49
PP Defense
1 - 65% - 60% - 2:34
2 - 35% - 40% - 1:24
PK Forward
1 - 64% - 60% - 5:05
2 - 36% - 40% - 2:51
PK Defense
1 - 52% - 60% - 4:09
2 - 48% - 40% - 3:47
PK3 Forward
1 - 0% - 60%
2 - 0% - 40%
PK3 Defense
1 - 0% - 60%
2 - 0% - 40%
44 Forward
1 - 0% - 60%
2 - 0% - 40%
44 Defense
1 - 0% - 60%
2 - 0% - 40%
Last Minute Offensive - 0:00
Last Minute Defensive - 0:00
Total
Forward - 60:00
Defense - 60:00
|
Play by Play
1st period
0:01 of 1st period - Nate Thompson wins face-off versus Rich Peverley in neutral zone.
0:10 of 1st period - Snap shot by Mike Brown.
0:10 of 1st period - Stopped by Jamie Storr with a rebound.
1:19 of 1st period - Slapshot by Greg Mauldin.
1:19 of 1st period - Deflect By Petr Pohl.
1:19 of 1st period - Shot Misses the Net.
1:19 of 1st period - Puck is out of play.
1:20 of 1st period - Mike Brown wins face-off versus Rich Peverley in Wolves zone.
1:21 of 1st period - Slapshot by Alex Picard.
1:21 of 1st period - Stopped by Jamie Storr without a rebound.
1:22 of 1st period - Rich Peverley wins face-off versus Nate Thompson in Wolves zone.
1:49 of 1st period - Snap shot by Chris Neil.
1:49 of 1st period - Shot Blocked by Jordan Hendry.
1:51 of 1st period - Slapshot by Bruno Gervais.
1:51 of 1st period - Shot Misses the Net.
1:53 of 1st period - Slapshot by Bruno Gervais.
1:53 of 1st period - Stopped by Thomas Greiss with a rebound.
1:55 of 1st period - Wrist shot by Bruno Gervais.
1:55 of 1st period - Shot Misses the Net.
1:57 of 1st period - Slapshot by Nate Guenin.
1:57 of 1st period - Shot Misses the Net.
2:17 of 1st period - Snap shot by Dan Fritsche.
2:17 of 1st period - Shot Blocked by Johan Fransson.
2:29 of 1st period - Snap shot by Petr Pohl.
2:29 of 1st period - Shot Blocked by Mark Katic.
2:37 of 1st period - Snap shot by Petr Pohl.
2:37 of 1st period - Shot Blocked by Matt Gilroy.
2:39 of 1st period - Snap shot by Petr Pohl.
2:39 of 1st period - Stopped by Jamie Storr without a rebound.
2:40 of 1st period - Nate Thompson wins face-off versus Rich Peverley in Wolves zone.
2:50 of 1st period - Minor Penalty to Cody McLeod for Tripping.
2:51 of 1st period - Nate Thompson wins face-off versus Dan Fritsche in Wolves zone.
3:06 of 1st period - Dan Fritsche is hit by Jonathan Sigalet and loses puck.
3:17 of 1st period - Nathan Oystrick is hit by Rich Peverley and loses puck.
3:47 of 1st period - Chris Neil is hit by Nate Thompson and loses puck.
4:10 of 1st period - Nate Thompson is hit by Nate Guenin and loses puck.
4:33 of 1st period - Johan Fransson is hit by Tim Crowder and loses puck.
4:50 of 1st period - Penalty to Cody McLeod is over, Cody McLeod is back on ice.
5:00 of 1st period - Jonathan Sigalet is hit by Alexander Perezhogin and loses puck.
5:32 of 1st period - Radek Bonk is hit by Tim Crowder and loses puck.
6:13 of 1st period - Slapshot by Milan Bartovic.
6:13 of 1st period - Stopped by Thomas Greiss without a rebound.
6:14 of 1st period - Dan Fritsche wins face-off versus Nate Thompson in Tamiflu zone.
6:29 of 1st period - Kyle Lawson is hit by Chris Terry and loses puck.
7:05 of 1st period - Johan Fransson is hit by Chris Neil and loses puck.
7:14 of 1st period - Wrist shot by Mike Zigomanis.
7:14 of 1st period - Stopped by Thomas Greiss with a rebound.
7:16 of 1st period - Slapshot by Mike Zigomanis.
7:16 of 1st period - Deflect By David Clarkson.
7:16 of 1st period - Shot Blocked by Nathan Oystrick.
7:16 of 1st period - Puck is out of play.
7:17 of 1st period - Mike Zigomanis wins face-off versus Radek Bonk in Tamiflu zone.
7:20 of 1st period - Wrist shot by Mike Zigomanis.
7:20 of 1st period - Deflect By Radek Bonk.
7:20 of 1st period - Stopped by Thomas Greiss without a rebound.
7:21 of 1st period - Mike Zigomanis wins face-off versus Radek Bonk in Tamiflu zone.
7:48 of 1st period - Wrist shot by Rich Peverley.
7:48 of 1st period - Deflect By Alexander Perezhogin.
7:48 of 1st period - Stopped by Thomas Greiss with a rebound.
7:56 of 1st period - Nate Guenin is hit by Mike Brown and loses puck.
8:17 of 1st period - Wrist shot by Dan Fritsche.
8:17 of 1st period - Stopped by Thomas Greiss without a rebound.
8:18 of 1st period - Dan Fritsche wins face-off versus Adam Henrique in Tamiflu zone.
8:30 of 1st period - Minor Penalty to Chris Terry for High sticking.
8:31 of 1st period - Nate Thompson wins face-off versus Dan Fritsche in Wolves zone.
8:42 of 1st period - Wrist shot by Alex Picard.
8:42 of 1st period - Stopped by Jamie Storr with a rebound.
10:30 of 1st period - Penalty to Chris Terry is over, Chris Terry is back on ice.
10:32 of 1st period - Icing by Marc-André Gragnani.
10:33 of 1st period - Tim Crowder wins face-off versus Adam Henrique in Wolves zone.
10:33 of 1st period - Tim Crowder is hit by Petr Pohl.
11:07 of 1st period - Snap shot by David Clarkson.
11:07 of 1st period - Stopped by Jamie Storr without a rebound.
11:08 of 1st period - Mike Zigomanis wins face-off versus Adam Henrique in Wolves zone.
11:08 of 1st period - Mike Zigomanis is hit by Nick Spaling.
11:16 of 1st period - Chris Neil is hit by David Clarkson and loses puck.
11:40 of 1st period - Snap shot by Alex Picard.
11:40 of 1st period - Deflect By Nate Thompson.
11:40 of 1st period - Goal by Nate Thompson - Tamiflu : 1 - Wolves : 0.
11:41 of 1st period - Rich Peverley wins face-off versus Nate Thompson in neutral zone.
11:48 of 1st period - Snap shot by Alexander Perezhogin.
11:48 of 1st period - Goal by Alexander Perezhogin - Tamiflu : 1 - Wolves : 1.
11:49 of 1st period - Rich Peverley wins face-off versus Nate Thompson in neutral zone.
11:54 of 1st period - Snap shot by Alexander Perezhogin.
11:54 of 1st period - Shot Misses the Net.
12:00 of 1st period - Snap shot by Nate Thompson.
12:00 of 1st period - Goal by Nate Thompson - Tamiflu : 2 - Wolves : 1.
12:01 of 1st period - Nate Thompson wins face-off versus Rich Peverley in neutral zone.
12:10 of 1st period - Snap shot by Nate Thompson.
12:10 of 1st period - Stopped by Jamie Storr with a rebound.
12:12 of 1st period - Wrist shot by Alex Picard.
12:12 of 1st period - Deflect By Mike Brown.
12:12 of 1st period - Stopped by Jamie Storr with a rebound.
12:26 of 1st period - Cody McLeod is hit by Jonathan Sigalet and loses puck.
12:31 of 1st period - Snap shot by Adam Henrique.
12:31 of 1st period - Stopped by Jamie Storr with a rebound.
12:33 of 1st period - Snap shot by Adam Henrique.
12:33 of 1st period - Stopped by Jamie Storr with a rebound.
12:35 of 1st period - Slapshot by Jordan Hendry.
12:35 of 1st period - Stopped by Jamie Storr with a rebound.
12:59 of 1st period - Snap shot by Chris Neil.
12:59 of 1st period - Stopped by Thomas Greiss without a rebound.
13:00 of 1st period - Mike Brown wins face-off versus Dan Fritsche in Tamiflu zone.
13:05 of 1st period - Snap shot by Mike Brown.
13:05 of 1st period - Stopped by Jamie Storr with a rebound.
13:32 of 1st period - Wrist shot by Dan Fritsche.
13:32 of 1st period - Shot Misses the Net.
13:34 of 1st period - Slapshot by Marc-André Gragnani.
13:34 of 1st period - Stopped by Thomas Greiss with a rebound.
13:36 of 1st period - Slapshot by Marc Methot.
13:36 of 1st period - Stopped by Thomas Greiss with a rebound.
13:38 of 1st period - Slapshot by Marc Methot.
13:38 of 1st period - Deflect By Milan Bartovic.
13:38 of 1st period - Shot Blocked by Jonathan Sigalet.
13:38 of 1st period - Puck is out of play.
13:39 of 1st period - Rich Peverley wins face-off versus Nate Thompson in Tamiflu zone.
13:42 of 1st period - Snap shot by Rich Peverley.
13:42 of 1st period - Stopped by Thomas Greiss without a rebound.
13:43 of 1st period - Rich Peverley wins face-off versus Nate Thompson in Tamiflu zone.
13:44 of 1st period - Snap shot by Alexander Perezhogin.
13:44 of 1st period - Stopped by Thomas Greiss with a rebound.
14:21 of 1st period - Off-side.
14:22 of 1st period - Radek Bonk wins face-off versus Mike Zigomanis in neutral zone.
16:54 of 1st period - Snap shot by Milan Bartovic.
16:54 of 1st period - Goal by Milan Bartovic - Tamiflu : 2 - Wolves : 2.
16:55 of 1st period - Rich Peverley wins face-off versus Nate Thompson in neutral zone.
17:20 of 1st period - Jani Rita is hit by Bruno Gervais.
17:28 of 1st period - Jani Rita is hit by Chris Neil and loses puck.
17:41 of 1st period - Wrist shot by Dan Fritsche.
17:41 of 1st period - Shot Misses the Net.
17:43 of 1st period - Snap shot by Dan Fritsche.
17:43 of 1st period - Stopped by Thomas Greiss without a rebound.
17:44 of 1st period - Dan Fritsche wins face-off versus Adam Henrique in Tamiflu zone.
17:47 of 1st period - Snap shot by Dan Fritsche.
17:47 of 1st period - Goal by Dan Fritsche - Tamiflu : 2 - Wolves : 3.
17:48 of 1st period - Alexander Perezhogin wins face-off versus Nate Thompson in neutral zone.
17:57 of 1st period - Slapshot by Alex Picard.
17:57 of 1st period - Stopped by Jamie Storr without a rebound.
17:58 of 1st period - Rich Peverley wins face-off versus Nate Thompson in Wolves zone.
17:58 of 1st period - Rich Peverley is hit by Mike Brown.
18:04 of 1st period - Wrist shot by Alex Picard.
18:04 of 1st period - Stopped by Jamie Storr without a rebound.
18:05 of 1st period - Mike Zigomanis wins face-off versus Nate Thompson in Wolves zone.
18:05 of 1st period - Mike Zigomanis is hit by Jonathan Sigalet.
18:13 of 1st period - Wrist shot by Nate Thompson.
18:13 of 1st period - Stopped by Jamie Storr with a rebound.
18:42 of 1st period - Wrist shot by Mike Brown.
18:42 of 1st period - Stopped by Jamie Storr without a rebound.
18:43 of 1st period - Radek Bonk wins face-off versus Rich Peverley in Wolves zone.
18:44 of 1st period - Snap shot by Jani Rita.
18:44 of 1st period - Stopped by Jamie Storr with a rebound.
18:59 of 1st period - Off-side.
19:00 of 1st period - Adam Henrique wins face-off versus Mike Zigomanis in neutral zone.
19:05 of 1st period - Slapshot by Jonathan Sigalet.
19:05 of 1st period - Shot Hit the Post.
2nd period
0:01 of 2nd period - Rich Peverley wins face-off versus Nate Thompson in neutral zone.
0:15 of 2nd period - Slapshot by Mike Brown.
0:15 of 2nd period - Shot Misses the Net.
0:25 of 2nd period - Nathan Oystrick is hit by Nate Guenin and loses puck.
1:28 of 2nd period - Snap shot by Cody McLeod.
1:28 of 2nd period - Stopped by Thomas Greiss without a rebound.
1:29 of 2nd period - Nate Thompson wins face-off versus Rich Peverley in Tamiflu zone.
1:50 of 2nd period - Snap shot by Rich Peverley.
1:50 of 2nd period - Stopped by Thomas Greiss without a rebound.
1:51 of 2nd period - Mike Zigomanis wins face-off versus Radek Bonk in Tamiflu zone.
1:52 of 2nd period - Slapshot by Chris Neil.
1:52 of 2nd period - Shot Blocked by Johan Fransson.
3:08 of 2nd period - Slapshot by Bruno Gervais.
3:08 of 2nd period - Deflect By Tim Crowder.
3:08 of 2nd period - Shot Misses the Net.
3:08 of 2nd period - Puck is out of play.
3:09 of 2nd period - Mike Zigomanis wins face-off versus Radek Bonk in Tamiflu zone.
3:12 of 2nd period - Wrist shot by Chris Neil.
3:12 of 2nd period - Stopped by Thomas Greiss with a rebound.
3:18 of 2nd period - Snap shot by Jonathan Sigalet.
3:18 of 2nd period - Shot Blocked by Mike Zigomanis.
3:20 of 2nd period - Snap shot by Jani Rita.
3:20 of 2nd period - Goal by Jani Rita - Tamiflu : 3 - Wolves : 3.
3:21 of 2nd period - Nate Thompson wins face-off versus Rich Peverley in neutral zone.
3:51 of 2nd period - Snap shot by Radek Bonk.
3:51 of 2nd period - Shot Blocked by Geoff Paukovich.
3:57 of 2nd period - Snap shot by Mike Zigomanis.
3:57 of 2nd period - Stopped by Thomas Greiss with a rebound.
3:59 of 2nd period - Backhand shot by Chris Neil.
3:59 of 2nd period - Shot Blocked by Carson Mcmillan.
4:01 of 2nd period - Slapshot by Matt Gilroy.
4:01 of 2nd period - Shot Blocked by Jordan Hendry.
4:16 of 2nd period - Slapshot by Dan Fritsche.
4:16 of 2nd period - Shot Misses the Net.
4:18 of 2nd period - Slapshot by Bruno Gervais.
4:18 of 2nd period - Deflect By David Clarkson.
4:18 of 2nd period - Stopped by Thomas Greiss without a rebound.
4:19 of 2nd period - Rich Peverley wins face-off versus Nate Thompson in Tamiflu zone.
4:26 of 2nd period - Snap shot by Alexander Perezhogin.
4:26 of 2nd period - Stopped by Thomas Greiss without a rebound.
4:27 of 2nd period - Rich Peverley wins face-off versus Nate Thompson in Tamiflu zone.
4:40 of 2nd period - Wrist shot by Alexander Perezhogin.
4:40 of 2nd period - Stopped by Thomas Greiss without a rebound.
4:41 of 2nd period - Radek Bonk wins face-off versus Mike Zigomanis in Tamiflu zone.
4:52 of 2nd period - Wrist shot by Mike Zigomanis.
4:52 of 2nd period - Stopped by Thomas Greiss without a rebound.
4:53 of 2nd period - Nate Thompson wins face-off versus Geoff Paukovich in Tamiflu zone.
4:53 of 2nd period - Nate Thompson is hit by Marc-André Gragnani.
5:24 of 2nd period - Alexander Perezhogin is hit by Radek Bonk and loses puck.
5:47 of 2nd period - Snap shot by Milan Bartovic.
5:47 of 2nd period - Deflect By Johan Fransson.
5:47 of 2nd period - Shot Misses the Net.
5:47 of 2nd period - Puck is out of play.
5:48 of 2nd period - Mike Zigomanis wins face-off versus Nate Thompson in Tamiflu zone.
5:48 of 2nd period - Minor Penalty to Nathan Oystrick for Roughing.
5:49 of 2nd period - Radek Bonk wins face-off versus Rich Peverley in Tamiflu zone.
6:23 of 2nd period - Slapshot by Chris Neil.
6:23 of 2nd period - Shot Blocked by Alex Picard.
6:51 of 2nd period - Snap shot by Greg Mauldin.
6:51 of 2nd period - Shot Misses the Net.
7:40 of 2nd period - Matt Gilroy is hit by Jani Rita and loses puck.
7:48 of 2nd period - Penalty to Nathan Oystrick is over, Nathan Oystrick is back on ice.
8:06 of 2nd period - Cody Goloubef is hit by Marc-André Gragnani.
8:13 of 2nd period - Minor Penalty to Mark Katic for Cross-checking.
8:14 of 2nd period - Nate Thompson wins face-off versus Chris Neil in Wolves zone.
8:21 of 2nd period - Snap shot by Mike Brown.
8:21 of 2nd period - Shot Misses the Net.
8:52 of 2nd period - Matt Gilroy is hit by Jani Rita and loses puck.
9:12 of 2nd period - Snap shot by Rich Peverley.
9:12 of 2nd period - Stopped by Thomas Greiss without a rebound.
9:13 of 2nd period - Dan Fritsche wins face-off versus Radek Bonk in Tamiflu zone.
9:22 of 2nd period - Wrist shot by David Clarkson.
9:22 of 2nd period - Shot Blocked by Matt Gilroy.
10:13 of 2nd period - Penalty to Mark Katic is over, Mark Katic is back on ice.
10:25 of 2nd period - Wrist shot by Rich Peverley.
10:25 of 2nd period - Stopped by Thomas Greiss with a rebound.
11:09 of 2nd period - Rich Peverley is hit by Petr Pohl and loses puck.
11:18 of 2nd period - Wrist shot by Petr Pohl.
11:18 of 2nd period - Shot Misses the Net.
11:20 of 2nd period - Slapshot by Cody Goloubef.
11:20 of 2nd period - Stopped by Jamie Storr without a rebound.
11:21 of 2nd period - Mike Zigomanis wins face-off versus Nate Thompson in Wolves zone.
12:41 of 2nd period - Carson Mcmillan is hit by Tim Crowder and loses puck.
13:27 of 2nd period - Slapshot by Greg Mauldin.
13:27 of 2nd period - Goal by Greg Mauldin - Tamiflu : 4 - Wolves : 3.
13:28 of 2nd period - Mike Brown wins face-off versus Mike Zigomanis in neutral zone.
13:55 of 2nd period - Rich Peverley is hit by Radek Bonk and loses puck.
14:18 of 2nd period - Wrist shot by David Clarkson.
14:18 of 2nd period - Stopped by Jamie Storr with a rebound.
14:41 of 2nd period - Slapshot by Nate Guenin.
14:41 of 2nd period - Shot Blocked by Kyle Lawson.
14:43 of 2nd period - Slapshot by Nate Guenin.
14:43 of 2nd period - Stopped by Thomas Greiss with a rebound.
14:47 of 2nd period - Slapshot by Nathan Davis.
14:47 of 2nd period - Stopped by Thomas Greiss without a rebound.
14:48 of 2nd period - Nate Thompson wins face-off versus Rich Peverley in Tamiflu zone.
14:48 of 2nd period - Nate Thompson is hit by Marc Methot.
15:12 of 2nd period - Nate Thompson is hit by Rich Peverley and loses puck.
15:43 of 2nd period - Backhand shot by Alexander Perezhogin.
15:43 of 2nd period - Stopped by Thomas Greiss with a rebound.
15:45 of 2nd period - Snap shot by Marc-André Gragnani.
15:45 of 2nd period - Shot Misses the Net.
15:47 of 2nd period - Snap shot by Alexander Perezhogin.
15:47 of 2nd period - Stopped by Thomas Greiss without a rebound.
15:48 of 2nd period - Radek Bonk wins face-off versus Mike Zigomanis in Tamiflu zone.
15:48 of 2nd period - Radek Bonk is hit by Chris Neil.
15:51 of 2nd period - Jordan Hendry is hit by Nate Guenin and loses puck.
16:13 of 2nd period - Nate Guenin is hit by David Clarkson and loses puck.
16:36 of 2nd period - Wrist shot by Tim Crowder.
16:36 of 2nd period - Shot Misses the Net.
17:15 of 2nd period - Tim Crowder is hit by David Clarkson.
18:10 of 2nd period - Wrist shot by Jonathan Sigalet.
18:10 of 2nd period - Stopped by Jamie Storr without a rebound.
18:11 of 2nd period - Adam Henrique wins face-off versus Mike Zigomanis in Wolves zone.
18:14 of 2nd period - Wrist shot by David Clarkson.
18:14 of 2nd period - Shot Misses the Net.
18:17 of 2nd period - Minor Penalty to Geoff Paukovich for Hooking.
18:18 of 2nd period - Nate Thompson wins face-off versus Chris Neil in Wolves zone.
3rd period
0:01 of 3rd period - Dan Fritsche wins face-off versus Nate Thompson in neutral zone.
0:17 of 3rd period - Penalty to Geoff Paukovich is over, Geoff Paukovich is back on ice.
0:32 of 3rd period - Slapshot by Jani Rita.
0:32 of 3rd period - Stopped by Jamie Storr without a rebound.
0:33 of 3rd period - Radek Bonk wins face-off versus Rich Peverley in Wolves zone.
1:09 of 3rd period - Alexander Perezhogin is hit by Jordan Hendry.
1:31 of 3rd period - Wrist shot by Rich Peverley.
1:31 of 3rd period - Stopped by Thomas Greiss with a rebound.
1:33 of 3rd period - Backhand shot by Alexander Perezhogin.
1:33 of 3rd period - Shot Misses the Net.
1:51 of 3rd period - Snap shot by David Clarkson.
1:51 of 3rd period - Shot Blocked by Cody McLeod.
2:35 of 3rd period - Snap shot by David Clarkson.
2:35 of 3rd period - Shot Misses the Net.
2:49 of 3rd period - Backhand shot by Jordan Hendry.
2:49 of 3rd period - Stopped by Jamie Storr without a rebound.
2:50 of 3rd period - Nate Thompson wins face-off versus Geoff Paukovich in Wolves zone.
3:04 of 3rd period - Icing by Bruno Gervais.
3:05 of 3rd period - Radek Bonk wins face-off versus Mike Zigomanis in Wolves zone.
3:17 of 3rd period - Slapshot by Bruno Gervais.
3:17 of 3rd period - Shot Blocked by Jonathan Sigalet.
3:19 of 3rd period - Slapshot by Bruno Gervais.
3:19 of 3rd period - Shot Blocked by Carson Mcmillan.
3:23 of 3rd period - Snap shot by Geoff Paukovich.
3:23 of 3rd period - Shot Blocked by Jonathan Sigalet.
3:25 of 3rd period - Snap shot by Mike Zigomanis.
3:25 of 3rd period - Stopped by Thomas Greiss without a rebound.
3:26 of 3rd period - Nate Thompson wins face-off versus Dan Fritsche in Tamiflu zone.
3:26 of 3rd period - Nate Thompson is hit by Dan Fritsche.
3:52 of 3rd period - Marc Methot is hit by Petr Pohl and loses puck.
3:57 of 3rd period - Wrist shot by Petr Pohl.
3:57 of 3rd period - Stopped by Jamie Storr without a rebound.
3:58 of 3rd period - Greg Mauldin wins face-off versus Mike Zigomanis in Wolves zone.
5:40 of 3rd period - Slapshot by Jonathan Sigalet.
5:40 of 3rd period - Stopped by Jamie Storr with a rebound.
5:42 of 3rd period - Snap shot by Jan Mursak.
5:42 of 3rd period - Shot Misses the Net.
6:13 of 3rd period - Icing by Nate Guenin.
6:14 of 3rd period - Nate Thompson wins face-off versus Nathan Davis in Wolves zone.
6:29 of 3rd period - Snap shot by Nathan Davis.
6:29 of 3rd period - Stopped by Thomas Greiss without a rebound.
6:30 of 3rd period - Carson Mcmillan wins face-off versus Cody McLeod in Tamiflu zone.
6:45 of 3rd period - Wrist shot by Alexander Perezhogin.
6:45 of 3rd period - Shot Blocked by Jani Rita.
7:36 of 3rd period - Snap shot by Jani Rita.
7:36 of 3rd period - Shot Blocked by Geoff Paukovich.
7:40 of 3rd period - Backhand shot by Carson Mcmillan.
7:40 of 3rd period - Stopped by Jamie Storr without a rebound.
7:41 of 3rd period - Rich Peverley wins face-off versus Nate Thompson in Wolves zone.
7:52 of 3rd period - Snap shot by Alexander Perezhogin.
7:52 of 3rd period - Shot Misses the Net.
7:54 of 3rd period - Slapshot by Rich Peverley.
7:54 of 3rd period - Shot Misses the Net.
7:56 of 3rd period - Slapshot by Marc Methot.
7:56 of 3rd period - Shot Misses the Net.
10:18 of 3rd period - Bruno Gervais is hit by Alex Picard and loses puck.
11:22 of 3rd period - Icing by Kyle Lawson.
11:23 of 3rd period - Jan Mursak wins face-off versus Nathan Davis in Tamiflu zone.
11:55 of 3rd period - Slapshot by Johan Fransson.
11:55 of 3rd period - Shot Blocked by Alexander Perezhogin.
12:13 of 3rd period - Slapshot by Adam Henrique.
12:13 of 3rd period - Stopped by Jamie Storr without a rebound.
12:14 of 3rd period - Mike Zigomanis wins face-off versus Nate Thompson in Wolves zone.
12:28 of 3rd period - Wrist shot by Mike Zigomanis.
12:28 of 3rd period - Stopped by Thomas Greiss with a rebound.
12:30 of 3rd period - Slapshot by Matt Gilroy.
12:30 of 3rd period - Stopped by Thomas Greiss with a rebound.
13:06 of 3rd period - Snap shot by Adam Henrique.
13:06 of 3rd period - Goal by Adam Henrique - Tamiflu : 5 - Wolves : 3.
13:07 of 3rd period - Rich Peverley wins face-off versus Nate Thompson in neutral zone.
13:07 of 3rd period - Minor Penalty to Jonathan Sigalet for Interference.
13:08 of 3rd period - Radek Bonk wins face-off versus Rich Peverley in Tamiflu zone.
13:08 of 3rd period - Radek Bonk is hit by Cody McLeod.
14:39 of 3rd period - Geoff Paukovich is hit by Nathan Oystrick and loses puck.
15:07 of 3rd period - Penalty to Jonathan Sigalet is over, Jonathan Sigalet is back on ice.
16:34 of 3rd period - Nate Guenin is hit by Petr Pohl and loses puck.
17:57 of 3rd period - Icing by Cody Goloubef.
17:58 of 3rd period - Adam Henrique wins face-off versus Mike Zigomanis in Tamiflu zone.
17:58 of 3rd period - Adam Henrique is hit by Chris Neil.
18:04 of 3rd period - Jordan Hendry is hit by Matt Gilroy and loses puck.
18:53 of 3rd period - Slapshot by Johan Fransson.
18:53 of 3rd period - Stopped by Jamie Storr without a rebound.
18:54 of 3rd period - Adam Henrique wins face-off versus Rich Peverley in Wolves zone.
18:59 of 3rd period - Snap shot by Adam Henrique.
18:59 of 3rd period - Stopped by Jamie Storr with a rebound.
19:09 of 3rd period - Snap shot by Adam Henrique.
19:09 of 3rd period - Stopped by Jamie Storr without a rebound.
19:10 of 3rd period - Chris Terry wins face-off versus Nate Thompson in Wolves zone.
Output by the SimonT Hockey Simulator (STHS) for François Prévost -- Original Page W3C XHTML 1.0 Valid